TOP OF THE 1ST |
Culver City Extras batting - Pitching for Riverside Red Bulls : RHP Ron Moore
|
Pitching: RHP Ron Moore
|
|
Batting: LHB Buddy Rice
|
0-0: Ball 1-0: DOUBLE (Flyball, 78XD)
|
Batting: RHB Cooper Richard
|
0-0: Ball 1-0: Fly out, F7 (Flyball, 7S)
|
Batting: RHB Tony Cruz
|
0-0: Ball 1-0: Foul Ball, location: 2F 1-1: Foul Ball, location: 2F 1-2: Ball 2-2: Strikes out swinging
|
Batting: RHB Bob Magee
|
0-0: Ball 1-0: Fly out, F8 (Flyball, 89M)
|
Top of the 1st over - 0 run(s), 1 hit(s), 0 error(s), 1 left on base; Culver City 0 - Riverside 0 |
BOTTOM OF THE 1ST |
Riverside Red Bulls batting - Pitching for Culver City Extras : RHP Juan Rojas
|
Pitching: RHP Juan Rojas
|
|
Batting: SHB Enrique Uribe
|
0-0: Called Strike 0-1: Ball 1-1: Swinging Strike 1-2: Ball 2-2: Strikes out looking
|
Batting: RHB Robert Stevens
|
0-0: Called Strike 0-1: Foul Ball, location: 2F 0-2: Foul Ball, location: 2F 0-2: Ground out 4-3 (Groundball, 4)
|
Batting: RHB Pedro Mata
|
0-0: Ball 1-0: Foul Ball, location: 2F 1-1: Ground out 6-3 (Groundball, 6)
|
Bottom of the 1st over - 0 run(s), 0 hit(s), 0 error(s), 0 left on base; Culver City 0 - Riverside 0 |
TOP OF THE 2ND |
Culver City Extras batting - Pitching for Riverside Red Bulls : RHP Ron Moore
|
Batting: RHB Dave Anderson
|
0-0: Fly out, F9 (Flyball, 9D)
|
Batting: LHB Tony Smith
|
0-0: Called Strike 0-1: Foul Ball, location: 2F 0-2: Foul Ball, location: 2F 0-2: Ground out 4-3 (Groundball, 4)
|
Batting: RHB Daniel Santiago
|
0-0: Called Strike 0-1: Called Strike 0-2: Ball 1-2: Strikes out swinging
|
Top of the 2nd over - 0 run(s), 0 hit(s), 0 error(s), 0 left on base; Culver City 0 - Riverside 0 |
BOTTOM OF THE 2ND |
Riverside Red Bulls batting - Pitching for Culver City Extras : RHP Juan Rojas
|
Batting: LHB Paco Rivera
|
0-0: DOUBLE (Line Drive, 9LS)
|
Batting: RHB Patrick Daniels
|
0-0: Called Strike 0-1: Ball 1-1: Ball 2-1: Ball 3-1: Foul Ball, location: 2F 3-2: Ground out 4-3 (Groundball, 4) Paco Rivera to third
|
Batting: RHB Glenn Broadwater
|
0-0: Ball 1-0: Called Strike 1-1: Foul Ball, location: 2F 1-2: Ball 2-2: Strikes out swinging
|
Batting: RHB Lakota O'Reilly
|
0-0: Called Strike 0-1: Ball 1-1: Called Strike 1-2: Strikes out swinging
|
Bottom of the 2nd over - 0 run(s), 1 hit(s), 0 error(s), 1 left on base; Culver City 0 - Riverside 0 |
TOP OF THE 3RD |
Culver City Extras batting - Pitching for Riverside Red Bulls : RHP Ron Moore
|
Batting: RHB Clint Younger
|
0-0: Ball 1-0: Ball 2-0: Called Strike 2-1: Swinging Strike 2-2: Ball 3-2: Strikes out swinging
|
Batting: RHB Shawn Gutiérrez
|
0-0: Called Strike 0-1: Ground out 1-3 (Groundball, 13S)
|
Batting: LHB Buddy Rice
|
0-0: Swinging Strike 0-1: Swinging Strike 0-2: Strikes out swinging
|
Top of the 3rd over - 0 run(s), 0 hit(s), 0 error(s), 0 left on base; Culver City 0 - Riverside 0 |
BOTTOM OF THE 3RD |
Riverside Red Bulls batting - Pitching for Culver City Extras : RHP Juan Rojas
|
Batting: RHB Gilberto Tovar
|
0-0: DOUBLE (Groundball, 5L)
|
Batting: RHB Fernando Bórquez
|
0-0: Foul Ball, location: 2F 0-1: Swinging Strike 0-2: Strikes out looking
|
Batting: SHB Enrique Uribe
|
0-0: Ball 1-0: Ball 2-0: Ball 3-0: Base on Balls
|
Batting: RHB Robert Stevens
|
0-0: Swinging Strike 0-1: Ball 1-1: SINGLE (Line Drive, 6D) Gilberto Tovar to third Enrique Uribe to second
|
Batting: RHB Pedro Mata
|
0-0: Called Strike 0-1: Ball 1-1: Fly out, F8 (Flyball, 8RM) Runner from 3rd tags up, SCORES, throw made
|
Batting: LHB Paco Rivera
|
0-0: Ball 1-0: Ball 2-0: SINGLE (Groundball, 6MD) Enrique Uribe to third Robert Stevens to second Runner from 3rd tries for Home, SAFE, no throw
|
Batting: RHB Patrick Daniels
|
0-0: Ball 1-0: Fly out, F7 (Flyball, 7)
|
Bottom of the 3rd over - 2 run(s), 3 hit(s), 0 error(s), 2 left on base; Culver City 0 - Riverside 2 |
TOP OF THE 4TH |
Culver City Extras batting - Pitching for Riverside Red Bulls : RHP Ron Moore
|
Batting: RHB Cooper Richard
|
0-0: Ball 1-0: Ball 2-0: Called Strike 2-1: Ball 3-1: Foul Ball, location: 2F 3-2: Strikes out swinging
|
Batting: RHB Tony Cruz
|
0-0: Foul Ball, location: 2F 0-1: Swinging Strike 0-2: Hit by Pitch
|
Batting: RHB Bob Magee
|
0-0: Ball 1-0: Ball 2-0: SINGLE (Line Drive, 56) Tony Cruz to second
|
Batting: RHB Dave Anderson
|
0-0: Ball 1-0: Ball 2-0: Ball 3-0: Base on Balls Tony Cruz to third Bob Magee to second
|
Batting: LHB Tony Smith
|
0-0: Ball 1-0: Ball 2-0: Ball 3-0: Called Strike 3-1: Foul Ball, location: 2F 3-2: Foul Ball, location: 2F 3-2: Ground out 3-1 (Groundball, 23) Tony Cruz scores Bob Magee to third Dave Anderson to second
|
Batting: RHB Daniel Santiago
|
0-0: Ball 1-0: Ball 2-0: Ball 3-0: Reached on error, E5 (Groundball, 5S) Bob Magee scores Dave Anderson scores
|
Batting: RHB Clint Younger
|
0-0: Called Strike 0-1: Called Strike 0-2: Ball 1-2: Ball 2-2: Fly out, F9 (Flyball, 9S)
|
Top of the 4th over - 3 run(s), 1 hit(s), 1 error(s), 1 left on base; Culver City 3 - Riverside 2 |
BOTTOM OF THE 4TH |
Riverside Red Bulls batting - Pitching for Culver City Extras : RHP Juan Rojas
|
Batting: RHB Glenn Broadwater
|
0-0: SOLO HOME RUN (Flyball, 8LXD), Distance : 432 ft
|
Batting: RHB Lakota O'Reilly
|
0-0: Ball 1-0: Called Strike 1-1: Fly out, F8 (Flyball, 8LM)
|
Batting: RHB Gilberto Tovar
|
0-0: Ground out 4-3 (Groundball, 4S)
|
Batting: RHB Fernando Bórquez
|
0-0: Ball 1-0: Ball 2-0: Ball 3-0: Base on Balls
|
Batting: SHB Enrique Uribe
|
0-0: Ball 1-0: Called Strike 1-1: SINGLE (Flyball, 7LS) Fernando Bórquez to second Runner from 2nd tries for 3rd, SAFE, throw made to third Enrique Uribe to second
|
Batting: RHB Robert Stevens
|
0-0: Foul Ball, location: 2F 0-1: Ball 1-1: Called Strike 1-2: Foul Ball, location: 2F 1-2: Foul Ball, location: 2F 1-2: Ball 2-2: Ball 3-2: Foul Ball, location: 2F 3-2: Foul Ball, location: 2F 3-2: Foul Ball, location: 2F 3-2: Ground out 6-3 (Groundball, 6)
|
Bottom of the 4th over - 1 run(s), 2 hit(s), 0 error(s), 2 left on base; Culver City 3 - Riverside 3 |
TOP OF THE 5TH |
Culver City Extras batting - Pitching for Riverside Red Bulls : RHP Ron Moore
|
Batting: RHB Shawn Gutiérrez
|
0-0: Called Strike 0-1: Ball 1-1: Ball 2-1: Foul Ball, location: 2F 2-2: Ground out 6-3 (Groundball, 6M)
|
Batting: LHB Buddy Rice
|
0-0: Called Strike 0-1: Ball 1-1: Swinging Strike 1-2: Ground out 5-3 (Groundball, 56)
|
Batting: RHB Cooper Richard
|
0-0: Ball 1-0: Called Strike 1-1: Ground out 1-3 (Groundball, 13)
|
Top of the 5th over - 0 run(s), 0 hit(s), 0 error(s), 0 left on base; Culver City 3 - Riverside 3 |
BOTTOM OF THE 5TH |
Riverside Red Bulls batting - Pitching for Culver City Extras : RHP Juan Rojas
|
Batting: RHB Pedro Mata
|
0-0: Ball 1-0: Ball 2-0: Ball 3-0: Base on Balls
|
Batting: LHB Paco Rivera
|
0-0: Fielders Choice at 2nd, 3-6 (Groundball, 3)
|
Batting: RHB Patrick Daniels
|
0-0: Called Strike 0-1: Ball 1-1: Ball 2-1: Ball 3-1: SINGLE (Groundball, 56D) Paco Rivera to second
|
Batting: RHB Glenn Broadwater
|
0-0: Ball 1-0: Swinging Strike 1-1: Swinging Strike 1-2: Ball 2-2: Foul Ball, location: 2F 2-2: Fly out, F3 (Popup, 3L)
|
Batting: RHB Lakota O'Reilly
|
0-0: Ball 1-0: Called Strike 1-1: Ball 2-1: Called Strike 2-2: Strikes out looking
|
Bottom of the 5th over - 0 run(s), 1 hit(s), 0 error(s), 2 left on base; Culver City 3 - Riverside 3 |
TOP OF THE 6TH |
Culver City Extras batting - Pitching for Riverside Red Bulls : RHP Ron Moore
|
Batting: RHB Tony Cruz
|
0-0: Called Strike 0-1: Ball 1-1: Ball 2-1: SINGLE (Line Drive, 3)
|
Batting: RHB Bob Magee
|
0-0: Foul Ball, location: 2F 0-1: Ground out 5-3 (Groundball, 25) Tony Cruz to second
|
Batting: RHB Dave Anderson
|
0-0: Ball 1-0: Fly out, F9 (Flyball, 9S)
|
Batting: LHB Tony Smith
|
0-0: Called Strike 0-1: Ball 1-1: Ball 2-1: Ground out 6-3 (Groundball, 6)
|
Top of the 6th over - 0 run(s), 1 hit(s), 0 error(s), 1 left on base; Culver City 3 - Riverside 3 |
BOTTOM OF THE 6TH |
Riverside Red Bulls batting - Pitching for Culver City Extras : RHP Juan Rojas
|
Pitching: RHP Juan Fonseca
|
|
Batting: RHB Gilberto Tovar
|
0-0: DOUBLE (Groundball, 5L)
|
Batting: RHB Fernando Bórquez
|
0-0: Ball 1-0: Ground out 6-3 (Groundball, 6)
|
Batting: SHB Enrique Uribe
|
0-0: Called Strike 0-1: Ball 1-1: Foul Ball, location: 2F 1-2: Hit by Pitch
|
Batting: RHB Robert Stevens
|
0-0: Called Strike 0-1: Ball 1-1: Fly out, F8 (Flyball, 8LD)
|
Batting: RHB Pedro Mata
|
0-0: Called Strike 0-1: Foul Ball, location: 2F 0-2: Strikes out swinging
|
Bottom of the 6th over - 0 run(s), 1 hit(s), 0 error(s), 2 left on base; Culver City 3 - Riverside 3 |
TOP OF THE 7TH |
Culver City Extras batting - Pitching for Riverside Red Bulls : RHP Ron Moore
|
Pinch Hitting: RHB Augusto Trevino
|
0-0: Foul Ball, location: 2F 0-1: Foul Ball, location: 2F 0-2: Strikes out swinging
|
Pinch Hitting: LHB Randy Wiggins
|
0-0: Called Strike 0-1: Foul Ball, location: 2F 0-2: Ball 1-2: Foul Ball, location: 2F 1-2: Foul Ball, location: 2F 1-2: Strikes out looking
|
Batting: RHB Shawn Gutiérrez
|
0-0: Ground out 5-3 (Groundball, 56)
|
Top of the 7th over - 0 run(s), 0 hit(s), 0 error(s), 0 left on base; Culver City 3 - Riverside 3 |
BOTTOM OF THE 7TH |
Riverside Red Bulls batting - Pitching for Culver City Extras : RHP Juan Fonseca
|
Pitching: LHP Orlando Morales
|
|
Now at 2B: Horace Johnson
|
|
Now in CF: Randy Wiggins
|
|
Batting: LHB Paco Rivera
|
0-0: Ball 1-0: Called Strike 1-1: SOLO HOME RUN (Flyball, 89XD), Distance : 415 ft
|
Pitching: LHP Jesús Morán
|
|
Batting: RHB Patrick Daniels
|
0-0: Ball 1-0: Fly out, F9 (Flyball, 89M)
|
Batting: RHB Glenn Broadwater
|
0-0: Ball 1-0: Ball 2-0: Ball 3-0: Called Strike 3-1: Called Strike 3-2: SINGLE (Flyball, 56D)
|
Batting: RHB Lakota O'Reilly
|
0-0: Foul Ball, location: 2F 0-1: Called Strike 0-2: Ball 1-2: Ball 2-2: Ball 3-2: Fielders Choice at 2nd, 4-6 (Groundball, 34)
|
Batting: RHB Gilberto Tovar
|
0-0: Ball Wild Pitch! Lakota O'Reilly to second 1-0: Swinging Strike 1-1: Ball 2-1: Foul Ball, location: 2F 2-2: Ball 3-2: Strikes out swinging
|
Bottom of the 7th over - 1 run(s), 2 hit(s), 0 error(s), 1 left on base; Culver City 3 - Riverside 4 |
TOP OF THE 8TH |
Culver City Extras batting - Pitching for Riverside Red Bulls : RHP Ron Moore
|
Pitching: RHP Juan Herrera
|
|
Batting: LHB Buddy Rice
|
0-0: DOUBLE (Flyball, 7D)
|
Pinch Hitting: RHB Ramón Molina
|
0-0: Ball 1-0: Foul Ball, location: 2F 1-1: Swinging Strike 1-2: Foul Ball, location: 2F 1-2: Ball 2-2: Foul Ball, location: 2F 2-2: Ball 3-2: Fly out, F8 (Line Drive, 8RXD) Runner from 2nd tags up, SAFE at 3rd, no throw
|
Batting: RHB Tony Cruz
|
0-0: Swinging Strike 0-1: Ball 1-1: Called Strike 1-2: Strikes out swinging
|
Batting: RHB Bob Magee
|
0-0: Foul Ball, location: 2F 0-1: Foul Ball, location: 2F 0-2: Ball 1-2: Foul Ball, location: 2F 1-2: SINGLE (Flyball, 9LM) Buddy Rice scores
|
Pinch Hitting: RHB Ben Alexander
|
0-0: Fly out, F9 (Flyball, 9)
|
Top of the 8th over - 1 run(s), 2 hit(s), 0 error(s), 1 left on base; Culver City 4 - Riverside 4 |
BOTTOM OF THE 8TH |
Riverside Red Bulls batting - Pitching for Culver City Extras : LHP Jesús Morán
|
Now at SS: Eugene Booth
|
|
Now in RF: Ricardo Deleón
|
|
Batting: RHB Fernando Bórquez
|
0-0: Foul Ball, location: 2F 0-1: Swinging Strike 0-2: Ball 1-2: Hit by Pitch
|
Batting: SHB Enrique Uribe
|
0-0: Ball 1-0: Foul Ball, location: 2F 1-1: Foul Ball, location: 2F 1-2: Foul Ball, location: 2F 1-2: Ball 2-2: Strikes out swinging Fernando Bórquez steals 2nd base Batter strikes out.
|
Batting: RHB Robert Stevens
|
0-0: Swinging Strike 0-1: Swinging Strike 0-2: Fly out, F8 (Flyball, 89D) Runner from 2nd tags up, SAFE at 3rd, no throw
|
Batting: RHB Pedro Mata
|
0-0: Ground out 6-3 (Groundball, 6)
|
Bottom of the 8th over - 0 run(s), 0 hit(s), 0 error(s), 1 left on base; Culver City 4 - Riverside 4 |
TOP OF THE 9TH |
Culver City Extras batting - Pitching for Riverside Red Bulls : RHP Juan Herrera
|
Pitching: RHP Manuel Pérez
|
|
Batting: LHB Tony Smith
|
0-0: Fly out, F4 (Popup, 4MD)
|
Batting: RHB Horace Johnson
|
0-0: Called Strike 0-1: Ball 1-1: Ball 2-1: Swinging Strike 2-2: Strikes out swinging
|
Batting: LHB Randy Wiggins
|
0-0: Ball 1-0: Swinging Strike 1-1: Swinging Strike 1-2: Foul Ball, location: 2F 1-2: Ball 2-2: Ball 3-2: Foul Ball, location: 2F 3-2: Base on Balls
|
Pinch Hitting: RHB Jesús Lara
|
0-0: Called Strike 0-1: Foul Ball, location: 2F 0-2: Ball 1-2: Foul Ball, location: 2F 1-2: Ball Randy Wiggins steals 2nd base
|
Pinch Runner at 2nd Max Alexander:
|
2-2: Ball 3-2: Base on Balls
|
Batting: LHB Buddy Rice
|
0-0: Called Strike 0-1: Ball 1-1: Ball 2-1: Foul Ball, location: 2F 2-2: Fly out, F7 (Flyball, 78M)
|
Top of the 9th over - 0 run(s), 0 hit(s), 0 error(s), 2 left on base; Culver City 4 - Riverside 4 |
TOP OF THE 10TH |
Culver City Extras batting - Pitching for Riverside Red Bulls : RHP Manuel Pérez
|
Pinch Hitting: LHB Richard Bell
|
0-0: Ball 1-0: Ball 2-0: Called Strike 2-1: Ball 3-1: Ground out 1-3 (Groundball, 13)
|
Batting: RHB Tony Cruz
|
0-0: Ball 1-0: Fly out, F6 (Popup, 5D)
|
Batting: RHB Bob Magee
|
0-0: Ball 1-0: Called Strike 1-1: Ball 2-1: Foul Ball, location: 2F 2-2: Foul Ball, location: 2F 2-2: Foul Ball, location: 2F 2-2: Ball 3-2: Fly out, F4 (Popup, 4S)
|
Top of the 10th over - 0 run(s), 0 hit(s), 0 error(s), 0 left on base; Culver City 4 - Riverside 4 |
BOTTOM OF THE 10TH |
Riverside Red Bulls batting - Pitching for Culver City Extras : RHP Tyler Kirkland
|
Now at 2B: Richard Bell
|
|
Pinch Hitting: LHB William Wolf
|
0-0: Ball 1-0: Called Strike 1-1: Ball 2-1: Foul Ball, location: 2F 2-2: Fly out, F8 (Flyball, 89M)
|
Batting: SHB Enrique Uribe
|
0-0: Foul Ball, location: 2F 0-1: Foul Ball, location: 2F 0-2: Fly out, F7 (Flyball, 7S)
|
Batting: RHB Robert Stevens
|
0-0: Ball 1-0: Ball 2-0: Called Strike 2-1: Ball 3-1: Foul Ball, location: 2F 3-2: Strikes out swinging
|
Bottom of the 10th over - 0 run(s), 0 hit(s), 0 error(s), 0 left on base; Culver City 4 - Riverside 4 |
TOP OF THE 11TH |
Culver City Extras batting - Pitching for Riverside Red Bulls : RHP Manuel Pérez
|
Pitching: RHP Bill Muñóz
|
|
Now at 2B: Erik Carter
|
|
Batting: RHB Ricardo Deleón
|
0-0: Foul Ball, location: 2F 0-1: Foul Ball, location: 2F 0-2: Strikes out looking
|
Batting: LHB Tony Smith
|
0-0: Swinging Strike 0-1: Ball 1-1: Swinging Strike 1-2: Strikes out looking
|
Batting: RHB Horace Johnson
|
0-0: Ball 1-0: Called Strike 1-1: Ball 2-1: SINGLE (Groundball, 4D)
|
Batting: RHB Max Alexander
|
0-0: Ball Wild Pitch! Horace Johnson to second 1-0: Swinging Strike 1-1: Foul Ball, location: 2F 1-2: Strikes out swinging
|
Top of the 11th over - 0 run(s), 1 hit(s), 0 error(s), 1 left on base; Culver City 4 - Riverside 4 |
BOTTOM OF THE 11TH |
Riverside Red Bulls batting - Pitching for Culver City Extras : RHP Tyler Kirkland
|
Batting: RHB Pedro Mata
|
0-0: Ball 1-0: Called Strike 1-1: Foul Ball, location: 2F 1-2: Ball 2-2: Foul Ball, location: 2F 2-2: Foul Ball, location: 2F 2-2: Strikes out swinging
|
Batting: LHB Paco Rivera
|
0-0: Ball 1-0: Ball 2-0: SINGLE (Groundball, 5D)
|
Batting: RHB Patrick Daniels
|
0-0: SINGLE (Line Drive, 34D) Paco Rivera to second Runner from 2nd tries for 3rd, OUT!
|
Batting: RHB Glenn Broadwater
|
0-0: Ball 1-0: Foul Ball, location: 2F 1-1: SINGLE (Groundball, 5D) Patrick Daniels to second
|
Batting: RHB Lakota O'Reilly
|
0-0: Ball 1-0: Called Strike 1-1: Swinging Strike 1-2: Fly out, F5 (Popup, 5L)
|
Bottom of the 11th over - 0 run(s), 3 hit(s), 0 error(s), 2 left on base; Culver City 4 - Riverside 4 |
TOP OF THE 12TH |
Culver City Extras batting - Pitching for Riverside Red Bulls : RHP Bill Muñóz
|
Batting: RHB Pancho Reyna
|
0-0: Foul Ball, location: 2F 0-1: Hit by Pitch
|
Batting: LHB Buddy Rice
|
0-0: Sac Bunt - play at second, runner OUT! 1-6
|
Batting: LHB Richard Bell
|
0-0: Ball 1-0: Ball 2-0: Called Strike 2-1: Swinging Strike 2-2: Ball 3-2: Base on Balls Buddy Rice to second
|
Batting: RHB Tony Cruz
|
0-0: Ball 1-0: Ball 2-0: Ball 3-0: Grounds into double play, 5-4-3 (Groundball, 5)
|
Top of the 12th over - 0 run(s), 0 hit(s), 0 error(s), 1 left on base; Culver City 4 - Riverside 4 |
BOTTOM OF THE 12TH |
Riverside Red Bulls batting - Pitching for Culver City Extras : RHP Tyler Kirkland
|
Pitching: LHP Henry Brown
|
|
Batting: RHB Gilberto Tovar
|
0-0: Ball 1-0: Swinging Strike 1-1: Foul Ball, location: 2F 1-2: Foul Ball, location: 2F 1-2: Ball 2-2: Strikes out swinging
|
Pinch Hitting: SHB Walt Simmons
|
0-0: Fly out, F9 (Flyball, 9S)
|
Batting: SHB Enrique Uribe
|
0-0: DOUBLE (Flyball, 78D)
|
Batting: RHB Robert Stevens
|
0-0: Called Strike 0-1: Ball 1-1: Ball 2-1: Ball 3-1: Base on Balls
|
Batting: RHB Pedro Mata
|
0-0: Called Strike 0-1: Ball 1-1: Foul Ball, location: 2F 1-2: Foul Ball, location: 2F 1-2: Fielders Choice at 2nd, 5-4 (Groundball, 56)
|
Bottom of the 12th over - 0 run(s), 1 hit(s), 0 error(s), 1 left on base; Culver City 4 - Riverside 4 |
TOP OF THE 13TH |
Culver City Extras batting - Pitching for Riverside Red Bulls : RHP Bill Muñóz
|
Now at 3B: Walt Simmons
|
|
Batting: RHB Bob Magee
|
0-0: Called Strike 0-1: Ball 1-1: Ball 2-1: Called Strike 2-2: Ball 3-2: Foul Ball, location: 2F 3-2: SOLO HOME RUN (Flyball, 7LD), Distance : 385 ft
|
Batting: RHB Ricardo Deleón
|
0-0: Foul Ball, location: 2F 0-1: Foul Ball, location: 2F 0-2: Ball 1-2: Ball 2-2: Ball 3-2: SOLO HOME RUN (Flyball, 8RXD), Distance : 432 ft
|
Pitching: RHP Jeff Smith
|
|
Batting: LHB Tony Smith
|
0-0: Foul Ball, location: 2F 0-1: Foul Ball, location: 2F 0-2: Ball 1-2: Foul Ball, location: 2F 1-2: Strikes out swinging
|
Batting: RHB Horace Johnson
|
0-0: Ball 1-0: SINGLE (Line Drive, 4M)
|
Batting: RHB Max Alexander
|
0-0: Called Strike 0-1: Swinging Strike 0-2: Ball 1-2: Ball 2-2: Strikes out swinging
|
Batting: RHB Pancho Reyna
|
0-0: Foul Ball, location: 2F 0-1: Ball 1-1: Ball 2-1: 2-RUN HOME RUN (Flyball, 7D), Distance : 409 ft
|
Pitching: LHP Monty Williams
|
|
Batting: LHB Buddy Rice
|
0-0: Called Strike 0-1: Hit by Pitch
|
Batting: LHB Richard Bell
|
0-0: Ball 1-0: Foul Ball, location: 2F 1-1: Ball 2-1: Fielders Choice at 2nd, 5-4 (Groundball, 56)
|
Top of the 13th over - 4 run(s), 4 hit(s), 0 error(s), 0 left on base; Culver City 8 - Riverside 4 |
BOTTOM OF THE 13TH |
Riverside Red Bulls batting - Pitching for Culver City Extras : LHP Henry Brown
|
Batting: LHB Paco Rivera
|
0-0: Ground out 4-3 (Groundball, 4)
|
Batting: RHB Patrick Daniels
|
0-0: Ball 1-0: Ball 2-0: Ball 3-0: Foul Ball, location: 2F 3-1: Called Strike 3-2: Base on Balls
|
Batting: RHB Glenn Broadwater
|
0-0: Ball 1-0: Called Strike 1-1: Called Strike 1-2: Foul Ball, location: 2F 1-2: Fly out, F8 (Flyball, 78M)
|
Batting: RHB Lakota O'Reilly
|
0-0: Ball 1-0: Foul Ball, location: 2F 1-1: Swinging Strike 1-2: SINGLE (Groundball, 34) (infield hit) Patrick Daniels to second
|
Batting: RHB Gilberto Tovar
|
0-0: Ball 1-0: Called Strike 1-1: Ball 2-1: Foul Ball, location: 2F 2-2: Strikes out looking
|
Bottom of the 13th over - 0 run(s), 1 hit(s), 0 error(s), 2 left on base; Culver City 8 - Riverside 4 |
|